Map: Romanticide LE

Players

DychusFinley

  • Race: Terran Terran
  • League: Diamond

DarthMufasa - Winner!

  • Race: Zerg Zerg
  • League: Platinum

VOD

Have the link to the VOD?

Description

Time

  • Played on: Aug. 18, 2021, 10:18 p.m.
  • Length: 22:18
Show
View Real Time Build Order
Export as new Build Order

DychusFinley Terran 

Build Orders:  

Get SALT Encoding   

  12  0:00  SCV  
  13  0:16  Supply Depot  
  13  0:17  SCV  
  14  0:29  SCV  
  15  0:39  Barracks  
  15  0:41  Refinery  
  15  0:44  SCV  
  16  0:56  SCV  
  17  1:08  SCV  
  18  1:11  Supply Depot  
  18  1:20  SCV  
  19  1:26  Refinery  
  19  1:28  Marine  
  20  1:38  Orbital Command  
  20  1:53  Barracks Reactor  
  20  2:03  Command Center  
  20  2:06  SCV  
  21  2:17  Factory  
  21  2:25  SCV  
  22  2:33  Marine x2  
  24  2:37  SCV  
  25  2:51  SCV  
  25  2:58  Marine x2  
  26  3:01  Factory Tech Lab  
  26  3:03  Starport  
  28  3:06  Widow Mine  
  30  3:16  Marine x2  
  32  3:21  SCV  
  33  3:30  Widow Mine  
  33  3:33  Orbital Command  
  33  3:34  Marine x2  
  35  3:35  SCV  
  35  3:40  Medivac  
  40  3:47  SCV  
  41  3:52  Widow Mine, Marine x2  
  45  3:56  Supply Depot  
  45  3:59  SCV  
  46  4:11  Starport Reactor  
  46  4:13  Factory Tech Lab  
  46  4:17  SCV x2  
  48  4:29  Barracks, SCV x2  
  48  4:31  Barracks  
  50  4:34  Marine x2  
  52  4:41  SCV x2, Supply Depot  
  52  4:45  Siege Tank  
  57  4:54  SCV x2  
  59  5:01  Command Center  
  57  5:33  SCV x2  
  57  5:35  Barracks Tech Lab x2  
  59  5:37  Siege Tank, Medivac  
  59  5:38  Marine x2, Medivac  
  68  5:45  SCV  
  68  5:49  Engineering Bay  
  69  5:51  Engineering Bay  
  69  5:54  Barracks x2  
  69  6:02  Stimpack  
  69  6:13  Marauder x2, Refinery x2  
  69  6:17  Medivac x2  
  73  6:49  Orbital Command  
  73  6:51  SCV x2  
  73  7:03  SCV x2  
  73  7:07  Combat Shield, Marauder x2  
  79  7:11  Barracks Tech Lab x2  
  79  7:13  Terran Infantry Weapons Level 1, Terran Infantry Armor Level 1  
  79  7:15  SCV x2  
  81  7:21  Siege Tank  
  84  7:24  Marine  
  85  7:32  Marine x3, Supply Depot, SCV x2  
  85  7:35  Supply Depot  
  85  7:36  SCV  
  91  7:44  SCV x2  
  93  7:53  SCV  
  93  7:58  Siege Tank, Supply Depot x2  
  94  7:59  Medivac  
  94  8:01  Marauder  
  94  8:02  Marauder x3, Marine x2  
  109  8:13  Supply Depot  
  109  8:14  Supply Depot  
  109  8:15  Armory  
  109  8:17  Refinery  
  109  8:18  Refinery  
  109  8:19  SCV x3  
  112  8:20  Marine x2  
  112  8:21  Command Center  
  112  8:22  Marine x2  
  112  8:23  Marine  
  112  8:26  Concussive Shells  
  117  8:30  Siege Tank  
  117  8:32  Marauder  
  122  8:38  Marine x2  
  122  8:40  Marine  
  122  8:41  Marauder  
  127  9:03  Siege Tank  
  127  9:07  Marauder x4  
  111  9:28  Marauder x2  
  111  9:29  Marauder x2, Marine x2  
  121  9:31  Medivac  
  121  9:32  Medivac  
  121  9:33  Terran Infantry Armor Level 2  
  121  9:35  Siege Tank  
  128  9:42  SCV x3  
  131  9:47  Marine x2  
  131  9:50  Marauder x4  
  141  9:54  SCV  
  142  10:05  Barracks x2, Marine x2  
  144  10:10  Barracks  
  144  10:11  Marauder x3  
  144  10:12  Marauder  
  152  10:14  Terran Infantry Weapons Level 2  
  152  10:17  Planetary Fortress  
  152  10:21  SCV x3  
  153  10:23  Marine  
  156  10:35  Supply Depot  
  156  10:36  Supply Depot  
  156  10:53  Barracks Tech Lab x2  
  156  10:56  Marine x2  
  164  10:57  Marauder x3  
  164  10:58  Siege Tank, Marine, Medivac  
  164  11:00  Barracks Reactor  
  156  11:14  Marine x2  
  156  11:16  Marauder  
  130  11:18  Marauder x3  
  128  11:30  Siege Tank  
  128  11:32  Marine  
  127  11:37  Marauder  
  118  11:40  Marauder x2  
  110  11:48  Marauder x3, Marine x3  
  110  11:50  Marine, Medivac  
  110  11:51  Medivac  
  110  11:53  SCV x4  
  128  11:59  Marauder, Terran Vehicle Weapons Level 1  
  134  12:01  Marauder x2, Terran Infantry Armor Level 3  
  134  12:02  Siege Tank  
  134  12:05  SCV x3  
  140  12:09  Marauder x3  
  114  12:34  Marauder x2, Marine x3  
  90  12:51  Marine  
  38  14:37  Missile Turret x2  
  35  14:39  Missile Turret  
  35  14:40  Missile Turret  
  35  14:41  Missile Turret  
  32  14:48  Command Center  
  32  14:50  Missile Turret  
  32  14:51  Missile Turret  
  32  14:52  Missile Turret  
  31  14:53  Missile Turret  
  31  14:58  Missile Turret x2  
  31  15:01  Missile Turret  
  31  15:08  Command Center  
  31  15:11  Missile Turret  
  31  15:12  Missile Turret  
  31  15:14  Missile Turret x2  
  31  15:16  Missile Turret  
  31  15:17  Missile Turret  
  31  15:19  Missile Turret  
  31  15:20  Missile Turret  
  30  16:00  Planetary Fortress  
    19:11  Widow Mine  
Show
View Real Time Build Order
Export as new Build Order

DarthMufasa Zerg - Winner!

Build Orders: Hatch First, Lurkers 

Get SALT Encoding   

  12  0:01  Drone  
  13  0:09  Drone  
  14  0:14  Extractor  
  14  0:16  Drone  
  14  0:46  Hatchery  
  14  0:47  Drone  
  14  1:07  Spawning Pool  
  13  1:16  Drone  
  14  1:24  Pneumatized Carapace  
  14  1:30  Overlord  
  14  1:51  Drone x3  
  17  1:58  Queen  
  19  2:09  Drone, Queen  
  19  2:13  Zergling x2  
  23  2:15  Zergling x2  
  24  2:26  Drone x3  
  27  2:41  Overlord  
  28  2:44  Zergling x2  
  28  3:00  Drone  
  28  3:01  Drone x3  
  32  3:11  Queen  
  34  3:14  Hatchery  
  33  3:24  Overlord  
  33  3:26  Metabolic Boost  
  33  3:28  Drone x2  
  33  3:29  Drone  
  36  3:42  Queen  
  38  3:54  Drone  
  38  3:55  Drone x5  
  44  3:59  Lair  
  44  4:18  Baneling Nest  
  43  4:32  Spore Crawler  
  43  4:37  Overlord, Spore Crawler  
  41  4:39  Drone x3  
  41  4:40  Drone x6  
  41  4:45  Overlord, Evolution Chamber  
  49  4:59  Overlord x2  
  49  5:05  Zergling x8  
  50  5:28  Drone x4  
  51  5:29  Drone x3  
  57  5:45  Zerg Melee Weapons Level 1  
  57  5:48  Drone  
  57  5:49  Drone x4  
  62  5:51  Extractor  
  62  5:52  Extractor  
  62  5:56  Overlord x2, Extractor  
  59  6:02  Hatchery  
  58  6:05  Drone x3  
  58  6:06  Drone x3  
  58  6:08  Centrifical Hooks  
  64  6:15  Drone x2  
  64  6:16  Drone  
  64  6:17  Drone x2, Hatchery  
  68  6:31  Overseer x2  
  68  6:34  Overseer  
  68  6:37  Overlord  
  68  6:38  Drone, Overlord  
  68  6:39  Drone x7  
  72  6:56  Infestation Pit  
  72  6:58  Drone x3  
  72  6:59  Drone x5  
  79  7:08  Extractor  
  79  7:10  Extractor  
  77  7:17  Drone x3  
  77  7:18  Drone x2  
  77  7:19  Drone  
  83  7:25  Overlord x2  
  83  7:36  Queen  
  85  7:56  Zerg Missile Weapons Level 1  
  85  8:00  Hive, Evolution Chamber  
  85  8:05  Hydralisk Den, Zergling x4  
  85  8:06  Zergling x34  
  102  8:21  Extractor  
  102  8:22  Drone x3, Extractor  
  102  8:23  Drone x4  
  107  8:34  Hydralisk x2  
  107  8:35  Hydralisk x7  
  107  8:36  Hydralisk  
  107  8:39  Lurker Den  
  126  8:43  Queen  
  126  8:48  Baneling x7  
  128  8:49  Baneling x7  
  128  8:50  Baneling x2, Zergling x8  
  128  8:51  Zergling x4  
  128  8:52  Overlord x2  
  128  8:53  Overlord x2  
  109  9:10  Hydralisk x2  
  109  9:11  Hydralisk x2  
  109  9:12  Zergling x6  
  109  9:13  Zergling x4  
  121  9:18  Drone, Zergling x10  
  121  9:19  Zergling x10  
  121  9:23  Drone x2  
  134  9:24  Drone  
  134  9:27  Queen  
  137  9:39  Zergling x12  
  137  9:40  Zergling x10  
  137  9:43  Zerg Ground Armor Level 1  
  148  9:49  Muscular Augments, Zerg Melee Weapons Level 2  
  148  9:52  Seismic Spines  
  148  9:59  Hatchery  
  147  10:01  Extractor x2  
  147  10:05  Drone  
  147  10:06  Drone x3  
  149  10:16  Overlord x5  
  149  10:28  Hydralisk x2  
  149  10:29  Hydralisk x3  
  149  10:32  Overlord x5  
  159  10:42  Baneling x2  
  159  10:43  Baneling x7  
  159  10:44  Baneling x6  
  159  10:46  Lurker x6  
  159  10:49  Adaptive Talons  
  161  11:04  Zergling x8  
  161  11:05  Zergling x16  
  161  11:06  Zergling x2  
  164  11:14  Hydralisk x4  
  164  11:15  Hydralisk x4  
  167  11:21  Hydralisk x5  
  174  11:29  Zergling x8  
  174  11:30  Zergling x16  
  174  11:31  Zergling x4  
  180  11:38  Zerg Missile Weapons Level 2  
  177  11:50  Drone  
  177  11:51  Drone x2  
  177  11:52  Drone x3  
  183  12:00  Hatchery  
  174  12:10  Adrenal Glands  
  158  12:37  Zergling x6  
  158  12:38  Zergling x24  
  163  12:51  Zergling x2  
  163  12:52  Zergling x4  
  163  12:54  Zerg Ground Armor Level 2  
  160  13:11  Hydralisk, Zergling x14  
  160  13:12  Hydralisk x3, Zergling x2  
  165  13:19  Drone  
  166  13:32  Zergling x12  
  166  13:33  Zergling x16  
  166  13:34  Zergling x2  
  181  13:40  Zergling x6  
  175  14:04  Drone x3  
  178  14:10  Hatchery  
  178  14:11  Baneling  
  178  14:12  Baneling x8  
  178  14:13  Extractor, Baneling x2  
  176  14:19  Overlord  
  176  14:20  Hydralisk x2, Overlord  
  176  14:21  Hydralisk x7  
  176  14:22  Hydralisk x3  
  198  14:53  Spire  
  198  14:56  Overseer x4  
  198  14:59  Drone x2  
  199  15:06  Overseer x3  
  198  16:11  Baneling  
  198  16:12  Baneling x16  
  198  16:13  Baneling x21  
  198  16:16  Lurker  
  199  16:44  Zergling x6  
  199  16:45  Zergling x2  
  190  16:57  Corruptor x4  
  190  16:58  Corruptor x2  
  191  17:10  Overlord x3  
  191  17:11  Overlord x2  
  191  17:21  Zerg Ground Armor Level 3, Zerg Missile Weapons Level 3  
  191  17:43  Corruptor x4  
  199  17:58  Burrow  
  199  18:19  Hatchery  
  198  18:22  Hatchery  
Tags
 
Add a new tag
Caveats
  • Supply blocks, unpowered buildings, or Contaminate may cause inaccurate times.
  • Supply counts are checked every 10 seconds.